 Dungeon Crawl Stone Soup version 0.31-a0-836-g3ceb0a68c4 (webtiles) character file.

Game seed: 4999194261135588715

1321 mcwallace the Conjurer (level 8, -9/68 HPs)
             Began as a Purple Draconian Conjurer on Sept 27, 2023.
             Was a Follower of Vehumet.
             Killed from afar by Maggie (24 damage)
             ... with a bolt of fire
             ... on level 6 of the Dungeon.
             The game lasted 00:11:30 (5727 turns).

mcwallace the Conjurer (Purple Draconian Conjurer)  Turns: 5727, Time: 00:11:31

Health: -9/68      AC:  9    Str: 10    XL:     8   Next: 33%
Magic:  1/17       EV: 13    Int: 20    God:    Vehumet [*.....]
Gold:   247        SH:  0    Dex: 10    Spells: 13/19 levels left

rFire   . . .        s - +8 club {mace}
rCold   . . .        (no shield)
rNeg    . . .        (body armour unavailable)
rPois   .            (helmet restricted)
rElec   .            m - +0 cloak
rCorr   .            u - +1 pair of gloves
SInv    .            (no boots)
Will    +....        (no amulet)
Stlth   ++           c - ring of wizardry
HPRegen 0.31/turn    g - ring of wizardry
MPRegen 0.15/turn

%: wizardry (x2)
@: mesmerised
A: breathe power, AC +6, unfitting armour, cold-blooded
a: Breathe Dispelling Energy, Renounce Religion


You were on level 6 of the Dungeon.
You worshipped Vehumet.
Vehumet was aware of your devotion.
You visited 2 branches of the dungeon, and saw 7 of its levels.
You also visited: Ossuary.

You collected 247 gold pieces.


Innate Abilities, Weirdness & Mutations

You can breathe bolts of dispelling energy.
Your rich purple scales are hard. (AC +6)
You cannot fit into any form of body armour.
You are cold-blooded and may be slowed by cold attacks.


   Skills:
 + Level 5.3 Fighting
 + Level 4.8 Dodging
 - Level 1.7 Stealth
 + Level 6.1 Spellcasting
 + Level 6.5 Conjurations


You had 13 spell levels left.
You knew the following spells:

 Your Spells              Type           Power      Damage    Failure   Level
a - Magic Dart            Conj           100%       1d8       1%          1
b - Searing Ray           Conj           64%        2d6       1%          2
c - Dazzling Flash        Conj/Hex       38%        N/A       2%          3

Your spell library contained the following spells:

 Spells                   Type           Power      Damage    Failure   Level
 Sandblast                Erth           12%        2d6       3%          1
 Slow                     Hex            24%        N/A       3%          1
 Lesser Beckoning         Tloc           12%        N/A       4%          2
 Fulminant Prism          Conj/Hex       9%         3d7       7%          4
 Iskenderun's Mystic Bla  Conj/Tloc      19%        2d6       7%          4
 Confusing Touch          Hex            6%         N/A       9%          3
 Gell's Gravitas          Tloc           6%         N/A       9%          3
 Sigil of Binding         Hex            6%         N/A       9%          3
 Teleport Other           Tloc           6%         N/A       9%          3
 Tukima's Dance           Hex            6%         N/A       9%          3
 Vampiric Draining        Necr           6%         2d6       9%          3
 Passage of Golubria      Tloc           6%         N/A       26%         4
 Yara's Violent Unravell  Hex/Tmut       3%         3d4       54%         5

Inventory:

Hand Weapons
 b - a +0 whip {mace}
   (You found it on level 1 of the Dungeon)
 s - a +8 club (weapon) {mace}
   (You took it off Jessica on level 3 of the Dungeon)
 D - a +0 hand axe of freezing {axe}
   (You took it off an orc priest on level 5 of the Dungeon)
Missiles
 d - 77 stones {throwing}
 n - 9 poisoned darts {throwing}
 r - a curare-tipped dart (quivered) {=fthrowing}
Armour
 m - a +0 cloak (worn)
   (You found it on level 5 of the Dungeon)
 u - a +1 pair of gloves (worn)
   (You found it on level 3 of the Dungeon)
Jewellery
 c - a ring of wizardry (left hand)
   (You found it on level 1 of the Dungeon)
 g - a ring of wizardry (right hand)
   (You found it on level 1 of the Dungeon)
Wands
 l - a wand of digging (5)
   (You found it on level 2 of the Dungeon)
 v - a wand of flame (26)
   (You found it on level 3 of the Dungeon)
Scrolls
 e - a scroll of fear {unknown}
 h - 2 scrolls of blinking {unknown}
 k - 4 scrolls of torment {!r}
 q - 2 scrolls of enchant weapon
 w - a scroll of brand weapon {unknown}
 y - a scroll of poison {unknown}
 B - 3 scrolls of vulnerability {unknown}
 C - a scroll of immolation {unknown}
 G - a scroll of amnesia {unknown}
 H - a scroll of teleportation {@r4}
 I - a scroll of revelation {unknown}
Potions
 a - a potion of magic
 f - a potion of enlightenment {unknown}
 i - 7 potions of curing {@q1}
 j - 2 potions of degeneration {!q@e2}
 o - 4 potions of might
 p - a potion of mutation {unknown}
 t - 2 potions of attraction {!q}
 x - a potion of invisibility {unknown}
 z - a potion of lignification {unknown}
 A - a potion of ambrosia {unknown}
 E - a potion of haste {unknown}
 F - 3 potions of brilliance {unknown}

Dungeon Overview and Level Annotations

Branches:
Dungeon (6/15) Zot: 26930  Temple (1/1) D:4 Zot: 5935 Ossuary (visited)

Altars:
Ashenzari
Fedhas
Gozag
Kikubaaqudgha
Okawaru
Qazlal
Ru
Sif Muna
Trog
Uskayaw
Vehumet
Wu Jian
Xom
Yredelemnul
Zin
The Shining One

Shops:
D:6 [

Annotations:
D:6 Maggie

#....# #....+
#)...#
#########<...#
#............#
#...).....#.....#
#.........#######
#.∩.......#
#########@# #.@.#
#..(# #...# #...#
#...# #...# ...(#


You could see Maggie (mesmerising, blind).


Message History

The searing ray hits Maggie. (Press . to maintain the ray.) Maggie hits you from afar with a +2 halberd of flaming.
Maggie burns you. 😮 HP[-5] MP[-2]
You take 5 damage, and now have 43/68 hp.
You lost 2 mp, and now have 10/17 mp.
The searing ray hits Maggie.
Maggie hits you from afar with a +2 halberd of flaming.
Maggie burns you. 😮 HP[-7]
You take 7 damage, and now have 36/68 hp.
The searing ray misses Maggie.
Maggie hits you from afar with a +2 halberd of flaming!
* * * LOW HITPOINT WARNING * * *
Maggie burns you.
* * * LOW HITPOINT WARNING * * *
😨 HP[-8] MP[-1]
You take 8 damage, and now have 28/68 hp.
You lost 1 mp, and now have 9/17 mp.
Casting: Searing Ray (safe; 1% risk of failure)
Confirm with . or Enter, or press ? or * to list all spells.
Restarting spell: Searing Ray (safe; 1% risk of failure)
Press: ? - help, Shift-Dir - straight line, f/p - Maggie
Aim: Maggie, wielding a +2 halberd of flaming and wearing +0 swamp dragon scales (lightly wounded, 83% to hit)
The searing ray hits Maggie. (Press . to maintain the ray.) Maggie points at you and mumbles some strange words.
The bolt of fire misses you. 😨 HP[+1] MP[-2]
You lost 2 mp, and now have 7/17 mp.
The searing ray hits Maggie!
Maggie mumbles some strange words.
Maggie attempts to bespell you!
You resist with almost no effort. 😨 MP[-1]
You lost 1 mp, and now have 6/17 mp.
The searing ray hits Maggie!
Maggie closely misses you. 😨 MP[-1]
You lost 1 mp, and now have 5/17 mp.
Throw: 4 darts (curare) {=fthrowing}
Press: ? - help, Q - select action, (/) - cycle Shift-Dir - straight line, f/p - Maggie
Aim: Maggie, wielding a +2 halberd of flaming and wearing +0 swamp dragon scales (heavily wounded, 58% to hit)
You throw a curare-tipped dart {=fthrowing}.
The curare-tipped dart {=fthrowing} hits Maggie.
Maggie hits you from afar with a +2 halberd of flaming!
* * * LOW HITPOINT WARNING * * *
Maggie burns you.
* * * LOW HITPOINT WARNING * * *
😨 HP[-11]
You take 11 damage, and now have 18/68 hp.
Throw: 3 darts (curare) {=fthrowing}
Press: ? - help, Q - select action, (/) - cycle Shift-Dir - straight line, f/p - Maggie
Aim: Maggie, wielding a +2 halberd of flaming and wearing +0 swamp dragon scales (heavily wounded, 58% to hit)
You throw a curare-tipped dart {=fthrowing}.
The curare-tipped dart {=fthrowing} barely misses Maggie.
Maggie hits you but does no damage.
Throw: 2 darts (curare) {=fthrowing}
Press: ? - help, Q - select action, (/) - cycle Shift-Dir - straight line, f/p - Maggie
Aim: Maggie, wielding a +2 halberd of flaming and wearing +0 swamp dragon scales (heavily wounded, 58% to hit)
You throw a curare-tipped dart {=fthrowing}.
The curare-tipped dart {=fthrowing} barely misses Maggie.
Maggie casts a spell.
Maggie attempts to bespell you!
You are mesmerised by Maggie! 😨 MP[+1]
Casting: Searing Ray (safe; 1% risk of failure)
Confirm with . or Enter, or press ? or * to list all spells.
Casting: Dazzling Flash (dangerous; 2% risk of failure)
Press: ? - help, Dir - look around, f - activate Maggie is dazzled.
Maggie closely misses you. 😨 HP[+1] MP[-3]
You lost 3 mp, and now have 3/17 mp.
Casting: Dazzling Flash (dangerous; 2% risk of failure)
Confirm with . or Enter, or press ? or * to list all spells.
Aiming: Searing Ray (safe; 1% risk of failure)
Press: ? - help, Shift-Dir - straight line, f - Maggie
Aim: Maggie, wielding a +2 halberd of flaming and wearing +0 swamp dragon scales (heavily wounded, mesmerising, blind, 83% to hit)
The searing ray hits Maggie. (Press . to maintain the ray.) 😨 MP[-2]
You lost 2 mp, and now have 1/17 mp.
The searing ray hits Maggie.
Maggie shouts! 😨 MP[-1]
You lost 1 mp, and now have 0/17 mp.
Without enough magic to sustain it, your searing ray dissipates. 😨 HP[+1]
Casting: Searing Ray (safe; 1% risk of failure)
Confirm with . or Enter, or press ? or * to list all spells.
Okay, then.
You hit Maggie.
You strike the helpless Maggie from behind!
You hit Maggie.
Maggie hits you with a +2 halberd of flaming.
* * * LOW HITPOINT WARNING * * *
Maggie burns you.
* * * LOW HITPOINT WARNING * * *
Maggie points at you and mumbles some strange words.
The bolt of fire hits you!!
You die...

Skill      XL: |  1  2  3  4  5  6  7  8 |
---------------+-------------------------+-----
Dodging        | 2 3 4 |  4.8
Fighting       | 1 2 3 4 5 |  5.3
Spellcasting   | 3 4 5 6 |  6.1
Conjurations   | 5 6 |  6.5
Stealth        | |  1.7

Action                     |  1- 3 |  4- 6 |  7- 9 || total
---------------------------+-------+-------+-------++-------
  Melee: Whip              |    79 |     8 |       ||    87
         Tailslap          |     5 |     6 |     8 ||    19
         Club              |       |    77 |    22 ||    99
         Punch             |       |     1 |     1 ||     2
  Throw: Dart              |       |       |     3 ||     3
   Cast: Magic Dart        |    34 |       |     2 ||    36
         Searing Ray       |     3 |    14 |    27 ||    44
         Dazzling Flash    |       |       |     2 ||     2
    Use: Scroll            |       |     5 |     2 ||     7
   Stab: Sleeping          |     3 |     5 |       ||     8
         Invisible         |       |       |     1 ||     1
 Armour: Skin              |    47 |    91 |    41 ||   179
  Dodge: Dodged            |    52 |   105 |    36 ||   193

Levels and vault maps discovered:
D:1:      dpeg_arrival_long_road, layout_loops_corners, minmay_pentomino_u2
D:2:      layout_basic
D:3:      kb_forest_paths, layout_basic, mainiacjoe_overflow_boulevard,
          serial_bayou, serial_bayou_crossing, serial_bayou_pond_b,
          serial_bayou_shore_b, serial_bayou_lake_a,
          dreamdust_ecumenical_altar_angels_and_demons, uniq_jessica
D:4:      layout_rooms, minmay_temple_entry_statues
D:5:      layout_loops_cross, enter_ossuary_3
D:6:      layout_basic, serial_shops, shop, uniq_maggie
Temple:   regret_index_temple_generic_petals

Notes
Turn   | Place    | Note
-------+----------+-------------------------------------------
     0 | D:1      | mcwallace the Draconian Conjurer began the quest for the
                  | Orb.
     0 | D:1      | Reached XP level 1. HP: 14/14 MP: 3/3
     0 | D:1      | magus.rc [v1.9.6]
   419 | D:1      | Reached skill level 2 in Dodging
   419 | D:1      | Reached XP level 2. HP: 20/22 MP: 0/5
   719 | D:1      | You pick up a book of Debilitation and begin reading...
   719 | D:1      | You add the spells Slow, Sigil of Binding, Vampiric
                  | Draining and Confusing Touch to your library.
   833 | D:1      | Reached skill level 1 in Fighting
  1181 | D:1      | Learned a level 2 spell: Searing Ray
  1481 | D:2      | Reached XP level 3. HP: 28/28 MP: 3/6
  2267 | D:3      | Noticed Jessica
  2269 | D:3      | Killed Jessica
  2270 | D:3      | Reached XP level 4. HP: 36/36 MP: 3/8
  2313 | D:3      | Found a basalt altar of Yredelemnul.
  2322 | D:3      | You pick up a book of Displacement and begin reading...
  2322 | D:3      | You add the spells Lesser Beckoning, Gell's Gravitas and
                  | Teleport Other to your library.
  2601 | D:3      | Reached skill level 2 in Fighting
  2689 | D:3      | Found a faded altar of an unknown god.
  3025 | D:3      | You add the spells Tukima's Dance, Passage of Golubria and
                  | Yara's Violent Unravelling to your library.
  3268 | D:4      | Noticed a scorpion
  3269 | D:4      | Noticed an ogre
  3270 | D:4      | Killed a scorpion
  3271 | D:4      | Reached skill level 3 in Spellcasting
  3271 | D:4      | Reached XP level 5. HP: 42/42 MP: 5/9
  3375 | D:3      | Killed an ogre
  3376 | D:3      | Reached skill level 3 in Fighting
  3376 | D:3      | Reached skill level 3 in Dodging
  3376 | D:3      | Reached skill level 5 in Conjurations
  3376 | D:3      | Reached XP level 6. HP: 21/51 MP: 1/11
  3490 | D:3      | Learned a level 3 spell: Dazzling Flash
  3537 | D:4      | You pick up a book of Debilitation and begin reading...
  3943 | D:4      | Found a staircase to the Ecumenical Temple.
  3955 | Temple   | Entered the Ecumenical Temple
  3996 | Temple   | Became a worshipper of Vehumet
  4074 | D:5      | Entered Level 5 of the Dungeon
  4253 | D:5      | Reached skill level 4 in Fighting
  4253 | D:5      | Reached skill level 4 in Spellcasting
  4253 | D:5      | Your scales start taking on a rich purple colour.
  4253 | D:5      | Reached XP level 7. HP: 45/59 MP: 3/14
  4262 | D:5      | Found a sand-covered staircase.
  4282 | Ossuary  | Entered an ossuary
  4466 | Ossuary  | Reached skill level 4 in Dodging
  4466 | Ossuary  | Reached skill level 5 in Spellcasting
  4597 | Ossuary  | Reached * piety under Vehumet
  4597 | Ossuary  | Offered knowledge of Sandblast by Vehumet.
  4764 | Ossuary  | Reached skill level 6 in Conjurations
  4997 | D:5      | Reached XP level 8. HP: 59/67 MP: 10/16
  5451 | D:5      | Reached skill level 5 in Fighting
  5454 | D:5      | Reached skill level 6 in Spellcasting
  5659 | D:6      | Found Piddinlo's Antique Armour Boutique.
  5706 | D:6      | Noticed Maggie
  5727 | D:6      | HP: 17/68 [Maggie/+2 halberd of flaming (3)]
  5727 | D:6      | Killed from afar by Maggie

Vanquished Creatures
  A water moccasin (D:5)
  A black bear (D:5)
  2 ogres
  A phantom (D:4)
  4 water moccasin zombies (Ossuary)
  3 scorpions
  A jelly (D:3)
  2 orc priests (D:5)
  Jessica (D:3)
  3 iguanas (D:5)
  A sleepcap (D:5)
  3 orc wizards
  2 mummies (Ossuary)
  3 adders
  4 adder zombies (Ossuary)
  2 worms
  2 dart slugs (D:4)
  9 orcs
  8 ball pythons
  7 bats
  12 endoplasms
  5 giant cockroaches
  3 gnoll zombies (Ossuary)
  5 hobgoblins
  11 jackals (D:3)
  3 quokkas
  A frilled lizard (D:3)
  5 goblins
  8 hobgoblin zombies (Ossuary)
  4 kobolds
  4 kobold zombies (Ossuary)
  5 orc zombies (Ossuary)
  A rat (D:1)
127 creatures vanquished.

Table legend:
 A = Non-vault XP
 B = Vault XP
 C = Vault XP percentage of total XP
 D = Non-vault monster count
 E = Vault monster count
 F = Vault count percentage of total count
                 A         B        C        D         E       F
            +---------+---------+-------+---------+---------+-------
      Total |    1437 |     451 |  23.9 |      87 |      40 |  31.5
            +---------+---------+-------+---------+---------+-------
        D:1 |      35 |       2 |   5.4 |      20 |       1 |   4.8
        D:2 |      22 |       0 |   0.0 |      11 |       0 |   0.0
        D:3 |     217 |      52 |  19.3 |      27 |       9 |  25.0
        D:4 |     304 |       0 |   0.0 |      12 |       0 |   0.0
        D:5 |     734 |       0 |   0.0 |      16 |       0 |   0.0
        D:6 |     125 |       0 |   0.0 |       1 |       0 |   0.0
    Ossuary |       0 |     397 | 100.0 |       0 |      30 | 100.0
            +---------+---------+-------+---------+---------+-------

Skill      XL: |  1  2  3  4  5  6  7  8 |
---------------+-------------------------+-----
Dodging        | 2 3 4 |  4.8
Fighting       | 1 2 3 4 5 |  5.3
Spellcasting   | 3 4 5 6 |  6.1
Conjurations   | 5 6 |  6.5
Stealth        | |  1.7

Action                     |  1- 3 |  4- 6 |  7- 9 || total
---------------------------+-------+-------+-------++-------
  Melee: Whip              |    79 |     8 |       ||    87
         Tailslap          |     5 |     6 |     8 ||    19
         Club              |       |    77 |    22 ||    99
         Punch             |       |     1 |     1 ||     2
  Throw: Dart              |       |       |     3 ||     3
   Cast: Magic Dart        |    34 |       |     2 ||    36
         Searing Ray       |     3 |    14 |    27 ||    44
         Dazzling Flash    |       |       |     2 ||     2
    Use: Scroll            |       |     5 |     2 ||     7
   Stab: Sleeping          |     3 |     5 |       ||     8
         Invisible         |       |       |     1 ||     1
 Armour: Skin              |    47 |    91 |    41 ||   179
  Dodge: Dodged            |    52 |   105 |    36 ||   193

Illustrated notes

Table legend:
 A = Kills in this place as a percentage of kills in the entire game.
 B = Kills by you in this place as a percentage of kills by you in the entire game.
 C = Kills by friends in this place as a percentage of kills by friends in the entire game.
 D = Other kills in this place as a percentage of other kills in the entire game.
 E = Experience gained in this place as a percentage of experience gained in the entire game.
 F = Experience gained in this place divided by the number of levels of this place that you have seen.
                   A       B       C       D       E      F
               +-------+-------+-------+-------+-------+----------------------
         Total | 100.0 | 100.0 |   N/A |   N/A | 100.0 | 236.0
       Dungeon |  76.4 |  76.4 |   N/A |   N/A |  79.0 | 248.5
       Ossuary |  23.6 |  23.6 |   N/A |   N/A |  21.0 | 397.0
               +-------+-------+-------+-------+-------+----------------------

Table legend: (Time is in decaauts)
 A = Elapsed time spent in this place.
 B = Non-inter-level travel time spent in this place.
 C = Inter-level travel time spent in this place.
 D = Time resting spent in this place.
 E = Time spent auto-exploring this place.
 F = Levels seen in this place.
 G = Mean time per level.
                   A        B        C        D        E       F      G
               +--------+--------+--------+--------+--------+-----+--------+
         Total |   5819 |   5589 |    230 |    226 |   4388 |   8 |  727.4 |
       Dungeon |   5070 |   4902 |    168 |     68 |   3992 |   6 |  845.0 |
        Temple |     64 |      2 |     62 |      0 |      0 |   1 |   64.0 |
       Ossuary |    684 |    684 |      0 |    158 |    396 |   1 |  684.0 |
               +--------+--------+--------+--------+--------+-----+--------+

Top non-repeatable levels by time:
     D:3: 1359 daAuts
     D:1: 1191 daAuts
     D:2: 1007 daAuts
     D:5: 911 daAuts
 Ossuary: 684 daAuts
     D:4: 532 daAuts
     D:6: 68 daAuts
  Temple: 64 daAuts
